[Event "*** Titled Tuesday Blitz"]
[Site "Chess.com"]
[Date "2018.12.04"]
[Round "2"]
[White "GMWSO"]
[Black "AsaHoffmann"]
[Result "1-0"]
[WhiteElo "2980"]
[BlackElo "2093"]
[TimeControl "180+2"]
[EndTime "13:19:09 PST"]
[Termination "GMWSO won by resignation"]

1. e4 d6 2. d4 Nf6 3. f3 Nbd7 4. c4 e5 5. Ne2 Be7 6. Nbc3 c6 7. Be3 O-O 8. Qd2 a6 9. d5 c5 10. Ng3 Ne8 11. Nf5 Bf6 12. h4 g6 13. Nh6+ Kg7 14. h5 Rh8 15. O-O-O b5 16. cxb5 axb5 17. Bxb5 Nb6 18. hxg6 hxg6 19. Ng4 Bxg4 20. Rxh8 Kxh8 21. fxg4 Nc7 22. Bd3 Kg8 23. g5 Bg7 24. Rf1 Qd7 25. Qd1 Na4 26. Nxa4 Rxa4 27. Kb1 Rd4 28. Bxd4 exd4 29. Bc4 Qe7 30. Qf3 Na8 31. a4 Nb6 32. Qb3 Nd7 33. a5 Qxe4+ 34. Bd3 Qxg2 35. a6 Ne5 36. a7 c4 37. a8=Q+ Kh7 38. Qbb8 1-0

[Event "*** Titled Tuesday Blitz"]
[Site "Chess.com"]
[Date "2018.12.04"]
[Round "2"]
[White "bascheyaro"]
[Black "NTDVAN"]
[Result "1-0"]
[WhiteElo "2793"]
[BlackElo "2640"]
[TimeControl "180+2"]
[EndTime "13:19:10 PST"]
[Termination "bascheyaro won by resignation"]

1. d4 d5 2. c4 e6 3. Nc3 Nf6 4. Nf3 c5 5. e3 cxd4 6. Nxd4 dxc4 7. Bxc4 Bd7 8. O-O Be7 9. e4 Nc6 10. Be3 O-O 11. Nxc6 Bxc6 12. f3 Qxd1 13. Rfxd1 Rfd8 14. Rxd8+ Bxd8 15. Rd1 a6 16. e5 Nd7 17. f4 Bb6 18.
Kf2 Kf8 19. Be2 Bxe3+ 20. Kxe3 Ke7 21. Bf3 Bxf3 22. Kxf3 Rd8 23. Ke3 Nb6 24. Rxd8 Kxd8 25. Kd4 Kc7 26. g4 Nd7 27. Ne4 f6 28. exf6 gxf6 29. g5 f5 30. Nc5 Nf8 31. Ke5 Ng6+ 32.
Kxe6 Nxf4+ 33. Kxf5 Nh3 34. Ne6+ Kd6 35. Nf8 Ke7 36.
Nxh7 Kf7 37. Nf6 Ng1 38. h4 1-0

[Event "*** Titled Tuesday Blitz"]
[Site "Chess.com"]
[Date "2018.12.04"]
[Round "2"]
[White "Rikikits"]
[Black "DrRiebert"]
[Result "1-0"]
[WhiteElo "2720"]
[BlackElo "2347"]
[TimeControl "180+2"]
[EndTime "13:19:12 PST"]
[Termination "Rikikits won by resignation"]

1. d3 d5 2. Nf3 Nf6 3. g3 g6 4. Bg2 Bg7 5. O-O O-O 6. a4 c5 7. a5 Nc6 8. Bd2 e5 9. Nc3 Qe7 10. e4 d4 11. Nd5 Nxd5 12. exd5 Nb8 13. c4 Bf5 14. Re1 Na6 15. Nxe5 Bxe5 16. f4 Bxd3 17. fxe5 Bxc4 18. d6 Qd7 19. Qf3 Rab8 20. Bh6 Nb4 21. Qf6 1-0

[Event "*** Titled Tuesday Blitz"]
[Site "Chess.com"]
[Date "2018.12.04"]
[Round "2"]
[White "Superfelix"]
[Black "FMJoseHerrera"]
[Result "0-1"]
[WhiteElo "2379"]
[BlackElo "2548"]
[TimeControl "180+2"]
[EndTime "13:19:17 PST"]
[Termination "FMJoseHerrera won by resignation"]

1. e4 c5 2. Nc3 e6 3. d4 cxd4 4. Qxd4 a6 5. b3 Qc7 6. Bb2 d6 7. O-O-O Nd7 8. f4 Ngf6 9. Nf3 Be7 10. g4 e5 11. fxe5 Nxe5 12. Nxe5 dxe5 13. Nd5 Nxd5 14. Qxd5 Bxg4 15. Bxe5 Qc5 16. Qxb7 Rc8 17. Bc4 Qxe5 18. Rhg1 Qa1+ 19. Kd2 Rd8+ 20. Bd5 Qd4+ 21. Kc1 Ba3+ 0-1

[Event "*** Titled Tuesday Blitz"]
[Site "Chess.com"]
[Date "2018.12.04"]
[Round "2"]
[White "pKiLz5Rn9b"]
[Black "vanyakuba"]
[Result "1-0"]
[WhiteElo "2745"]
[BlackElo "2349"]
[TimeControl "180+2"]
[EndTime "13:19:19 PST"]
[Termination "pKiLz5Rn9b won by resignation"]

1. b3 d5 2. Bb2 c5 3. e3 a6 4.
Nf3 Nf6 5. d4 Nc6 6. a3 e6 7.
dxc5 Bxc5 8. b4 Ba7 9. Nbd2 O-O 10. c4 d4 11. exd4 Nxd4 12. Bd3 e5 13. O-O Bg4 14. h3 e4 15. Bxe4 Nxe4 16. hxg4 Ng3 17. Re1 Qf6 18. Nxd4 Bxd4 19. Bxd4 Qxd4 20. Nf3 Qa7 21. c5 1-0

[Event "*** Titled Tuesday Blitz"]
[Site "Chess.com"]
[Date "2018.12.04"]
[Round "2"]
[White "maziarbagheri"]
[Black "FLchessplayer"]
[Result "0-1"]
[WhiteElo "2224"]
[BlackElo "2208"]
[TimeControl "180+2"]
[EndTime "13:19:19 PST"]
[Termination "FLchessplayer won by resignation"]

1. d4 Nf6 2. c4 g6 3. Nc3 d5 4. cxd5 Nxd5 5. e4 Nxc3 6. bxc3 Bg7 7. Be3 O-O 8. Rc1 b6 9. Nf3 Bb7 10. Bd3 Nd7 11. O-O e6 12. Nd2 c5 13. f4 Rc8 14.
Qe2 Qc7 15. Nf3 Qb8 16. f5 exf5 17. exf5 Qa8 18. fxg6 hxg6 19. Ng5 Rce8 20. Qd2 cxd4 21. cxd4 Nf6 22. Rc7 Rc8 23. Rfc1 Nd5 24. Rxc8 Rxc8 25. Bf2 Rxc1+ 26. Qxc1 Qd8 27. h4 Nb4 28. Bc4 Bd5 29.
Bb3 Bxb3 30. axb3 Bxd4 31. Qf4 Bxf2+ 32. Kxf2 Nd3+ 0-1

[Event "*** Titled Tuesday Blitz"]
[Site "Chess.com"]
[Date "2018.12.04"]
[Round "2"]
[White "Paparama_1917"]
[Black "MFBerna"]
[Result "1-0"]
[WhiteElo "2592"]
[BlackElo "2371"]
[TimeControl "180+2"]
[EndTime "13:19:31 PST"]
[Termination "Paparama_1917 won by resignation"]

1. e4 c6 2. d4 d5 3. Nd2 dxe4 4.
Nxe4 Nf6 5. Nxf6+ exf6 6. c3 Bd6 7. Bd3 O-O 8. Qc2 h6 9. Ne2 Qc7 10. Be3 Nd7 11. O-O-O c5 12. h4 a6 13. g4 cxd4 14. Nxd4 Ne5 15. g5 h5 16. gxf6 g6 17. Rdg1 Nxd3+ 18. Qxd3 Be5 19. Rxg6+ fxg6 20. Qxg6+ Kh8 21. Qh6+ Qh7 22.
Qxf8+ Qg8 23. Qe7 Bb8 24. f7 1-0

[Event "*** Titled Tuesday Blitz"]
[Site "Chess.com"]
[Date "2018.12.04"]
[Round "2"]
[White "BocharovD"]
[Black "AkibaRubi"]
[Result "1-0"]
[WhiteElo "2730"]
[BlackElo "2563"]
[TimeControl "180+2"]
[EndTime "13:19:34 PST"]
[Termination "BocharovD won by resignation"]

1. d4 Nf6 2. c4 e6 3. Nf3 Bb4+ 4.
Bd2 Qe7 5. g3 Nc6 6. Nc3 Bxc3 7.
Bxc3 Ne4 8. Rc1 Nxc3 9. Rxc3 O-O 10. Bg2 d6 11. d5 Nd8 12. O-O e5 13. c5 Bg4 14. cxd6 cxd6 15. Qa4 Bxf3 16. Bxf3 f5 17. Rfc1 e4 18. Bg2 b6 19. Qd4 Nf7 20. Rc7 Qe5 21.
Qxe5 Nxe5 22. Bf1 f4 23. Bh3 fxg3 24. hxg3 h6 25. Re7 Rf7 26. Be6 Kf8 27. Rxf7+ Nxf7 28. Rc7 Ne5 29. Bf5 e3 30. f4 Nf7 31. Kg2 g5 32. Be6 Nd8 33. f5 g4 34. f6 1-0

[Event "*** Titled Tuesday Blitz"]
[Site "Chess.com"]
[Date "2018.12.04"]
[Round "2"]
[White "Winehouse83"]
[Black "MerdeNoms943"]
[Result "1-0"]
[WhiteElo "2452"]
[BlackElo "2300"]
[TimeControl "180+2"]
[EndTime "13:19:45 PST"]
[Termination "Winehouse83 won by resignation"]

1. d4 Nf6 2. c4 g6 3. Nc3 Bg7 4. e4 d6 5. Be2 O-O 6. Bg5 c5 7.
d5 h6 8. Bf4 e6 9. dxe6 Bxe6 10.
Nf3 Qb6 11. Qb3 Nc6 12. O-O-O Nd4 13. Nxd4 cxd4 14. Qxb6 axb6 15. Rxd4 Nh5 16. Be3 Bxd4 17. Bxd4 Nf4 18. Bf1 Rfc8 19. g3 Nh5 20. b3 b5 21.
Nxb5 Rxa2 22. Nxd6 Rca8 23. Bd3 Rd8 24. e5 f6 25. Bxg6 fxe5 26. Bxe5 Rxd6 27. Bxd6 Ra1+ 28. Bb1 Bf5 29. Kb2 Ra5 30. b4 Ra6 31. c5 Bxb1 32.
Rxb1 Nf6 33. Ra1 Rc6 34. Ra8+ Kf7 35. b5 1-0

[Event "*** Titled Tuesday Blitz"]
[Site "Chess.com"]
[Date "2018.12.04"]
[Round "2"]
[White "gemarin"]
[Black "realcontender"]
[Result "0-1"]
[WhiteElo "2018"]
[BlackElo "2115"]
[TimeControl "180+2"]
[EndTime "13:19:49 PST"]
[Termination "realcontender won by resignation"]

1. d4 d5 2. c4 c6 3. e3 Nf6 4. Nc3 e6 5. Nf3 Nbd7 6. Qc2 Bd6 7. Be2 dxc4 8. Bxc4 O-O 9. O-O e5 10. Rd1 exd4 11.
Rxd4 Qe7 12. b3 Ne5 13. Be2 g6 14. Bb2 Bf5 15. Qd2 Rad8 16. Rd1 Bc7 17. Qc1 Rxd4 18.
Rxd4 Rd8 19. Rxd8+ Qxd8 20. Nd4 Nd3 21. Bxd3 Bxd3 22.
Qd1 Ba6 23. Nde2 Qxd1+ 24. Nxd1 Bxe2 25. Bxf6 Bxd1 0-1

[Event "*** Titled Tuesday Blitz"]
[Site "Chess.com"]
[Date "2018.12.04"]
[Round "2"]
[White "maciek_92"]
[Black "catalin009"]
[Result "0-1"]
[WhiteElo "2618"]
[BlackElo "2353"]
[TimeControl "180+2"]
[EndTime "13:19:49 PST"]
[Termination "catalin009 won by resignation"]

1. e4 c5 2. Nf3 Nc6 3. d4 cxd4 4.
Nxd4 g6 5. c4 Bg7 6. Nc2 Nf6 7.
Nc3 O-O 8. Be2 a6 9. O-O Rb8 10. f3 b5 11. b3 bxc4 12. Bxc4 d6 13. Be3 Ng4 14. Qd2 Nxe3 15. Nxe3 Qb6 16. Kh1 Qd4 17.
Qxd4 Bxd4 18. Ned1 Bd7 19. Rc1 a5 20. f4 e6 21. Nb5 Bc5 22. Nb2 Nb4 23. Nc3 Bd4 24. a3 Na2 25. Nxa2 Bxb2 26. Rcd1 Bxa3 27. Nc3 Rfc8 28.
f5 a4 29. fxe6 fxe6 30. Nxa4 Rxc4 31. bxc4 Bxa4 32. Ra1 Rb3 33. Rf3 Bc5 34. Rf6 Bd4 0-1

[Event "*** Titled Tuesday Blitz"]
[Site "Chess.com"]
[Date "2018.12.04"]
[Round "2"]
[White "sandager"]
[Black "Raffael89"]
[Result "0-1"]
[WhiteElo "1977"]
[BlackElo "2129"]
[TimeControl "180+2"]
[EndTime "13:19:56 PST"]
[Termination "Raffael89 won on time"]

1. e4 d5 2. exd5 Qxd5 3. Nc3 Qd8 4. d4 Nf6 5. Bc4 a6 6. Nge2 b5 7. Bd3 Bb7 8. O-O e6 9. Be3 Bd6 10. Ng3 h5 11. Bg5 h4 12. Nge4 Be7 13. Nc5 Bc6 14. Ne2 h3 15. Bxf6 Bxf6 16. Be4 Bxe4 17. Nxe4 hxg2 18. Re1 Nd7 19. c3 c6 20. Nd6+ Kf8 21.
Nf4 Kg8 22. Nxf7 Kxf7 23. Nxe6 Qb8 0-1

[Event "*** Titled Tuesday Blitz"]
[Site "Chess.com"]
[Date "2018.12.04"]
[Round "2"]
[White "anesar92"]
[Black "BIG_Pirate"]
[Result "1-0"]
[WhiteElo "2676"]
[BlackElo "2359"]
[TimeControl "180+2"]
[EndTime "13:19:58 PST"]
[Termination "anesar92 won by resignation"]

1. e4 d5 2. exd5 Qxd5 3. Nc3 Qa5 4. Bc4 Nf6 5. d3 c6 6. Bd2 Qc7 7.
Qe2 e6 8. O-O-O Be7 9. Nf3 Nbd7 10. Rde1 b5 11. Bb3 Nc5 12. g4 a5 13. g5 Nfd7 14. d4 Nxb3+ 15. axb3 Nb6 16. Ne5 a4 17. Qf3 O-O 18.
Qxc6 Qxc6 19. Nxc6 Re8 20. d5 b4 21. Nxa4 Nxa4 22.
bxa4 Rxa4 23. b3 Ra5 24. Nxa5 1-0

[Event "*** Titled Tuesday Blitz"]
[Site "Chess.com"]
[Date "2018.12.04"]
[Round "2"]
[White "Naruto-K"]
[Black "RiskyDecision"]
[Result "1-0"]
[WhiteElo "2446"]
[BlackElo "2378"]
[TimeControl "180+2"]
[EndTime "13:20:06 PST"]
[Termination "Naruto-K won by resignation"]

1. d4 Nf6 2. Bf4 d5 3. e3 c5 4. c3 Nc6 5. Nd2 e6 6. Ngf3 Bd6 7. Bg3 O-O 8. Bb5 Ne7 9. Bd3 b6 10. e4 dxe4 11. Nxe4 Nxe4 12. Bxe4 Rb8 13. dxc5 Bxg3 14. Qxd8 Bxf2+ 15. Kxf2 Rxd8 16. c6 Nd5 17. Bxd5 Rxd5 18. Rad1 Ba6 19. Rxd5 exd5 20. Nd4 Bd3 21. Re1 Kf8 22.
Re5 Be4 23. a4 Rc8 24. b4 Rc7 25. c4 Re7 26. Rxd5 Bxd5 27. cxd5 Re4 28. c7 1-0

[Event "*** Titled Tuesday Blitz"]
[Site "Chess.com"]
[Date "2018.12.04"]
[Round "2"]
[White "GMMatamoros"]
[Black "M1711"]
[Result "1-0"]
[WhiteElo "2544"]
[BlackElo "2475"]
[TimeControl "180+2"]
[EndTime "13:20:07 PST"]
[Termination "GMMatamoros won by resignation"]

1. Nf3 Nf6 2. c4 e6 3. g3 d5 4. Bg2 Be7 5. O-O O-O 6. b3 b6 7. Bb2 Bb7 8. cxd5 exd5 9. d4 Nbd7 10. Nc3 c5 11. Rc1 Rc8 12. e3 Qc7 13. Re1 Rfd8 14.
Ne2 Qb8 15. Nf4 Nf8 16. Ne5 Bd6 17. h4 Ne4 18. Qf3 Qc7 19. h5 h6 20. Red1 Qe7 21.
Qe2 cxd4 22. exd4 Nf6 23. Bh3 Rxc1 24. Rxc1 N8d7 25. Nxd7 Qxe2 26. Nxf6+ gxf6 27. Nxe2 1-0

[Event "*** Titled Tuesday Blitz"]
[Site "Chess.com"]
[Date "2018.12.04"]
[Round "2"]
[White "51616516516"]
[Black "1e41-0"]
[Result "0-1"]
[WhiteElo "2246"]
[BlackElo "2498"]
[TimeControl "180+2"]
[EndTime "13:20:14 PST"]
[Termination "1e41-0 won on time"]

1. d4 Nf6 2. c4 c5 3. Nf3 cxd4 4. Nxd4 b6 5. Nc3 Bb7 6. Bg5 a6 7. Bxf6 gxf6 8. e4 e6 9. Be2 Qc7 10. O-O Nc6 11. Rc1 Bc5 12. Nb3 Bd6 13. h3 Ne5 14.
Kh1 Rg8 15. f4 Ng6 16. f5 Nf4 17. Bf3 Rg3 18. Qe1 Nxh3 19. gxh3 Rxh3+ 20. Kg2 Rh2+ 21. Kg1 O-O-O 22. c5 Rg8+ 0-1

[Event "*** Titled Tuesday Blitz"]
[Site "Chess.com"]
[Date "2018.12.04"]
[Round "2"]
[White "amintabatabaei"]
[Black "mazetofonias"]
[Result "1-0"]
[WhiteElo "2713"]
[BlackElo "2561"]
[TimeControl "180+2"]
[EndTime "13:20:16 PST"]
[Termination "amintabatabaei won by resignation"]

1. Nf3 Nf6 2. g3 d5 3. Bg2 c6 4. O-O Bg4 5. d4 Nbd7 6. Nbd2 e6 7. Re1 Be7 8. e4 h6 9. e5 Nh7 10. h3 Bh5 11. c3 O-O 12. Nf1 a5 13. Bf4 Re8 14. Qd2 Nhf8 15. g4 Bg6 16. Ng3 c5 17. g5 hxg5 18. Nxg5 cxd4 19. cxd4 Rc8 20. Qe3 Nb6 21. b3 a4 22. h4 Bb4 23. Rec1 axb3 24.
axb3 Rxc1+ 25. Rxc1 Ba3 26. Ra1 Be7 27. h5 Bh7 28. h6 Ng6 29. Nxh7 Kxh7 30. hxg7 Kxg7 31.
Nh5+ Kh7 32. Qh3 Rh8 33. Qg4 Kg8 34. Be3 Nd7 35. f4 Kf8 36. Rf1 Qb6 37. f5 Ngxe5 38. Qg7+ Ke8 39. Qxh8+ Bf8 40. fxe6 fxe6 41. Ng7+ Kd8 42.
Rxf8+ 1-0

[Event "*** Titled Tuesday Blitz"]
[Site "Chess.com"]
[Date "2018.12.04"]
[Round "2"]
[White "alpasya2009"]
[Black "Manukyan_Artak"]
[Result "1-0"]
[WhiteElo "2571"]
[BlackElo "2378"]
[TimeControl "180+2"]
[EndTime "13:20:26 PST"]
[Termination "alpasya2009 won by resignation"]

1. d4 d5 2. Bf4 c5 3. e3 Qb6 4. Nc3 e6 5. Na4 Qa5+ 6. c3 b6 7.
b3 Bd7 8. Rc1 Nf6 9. Bd3 cxd4 10. exd4 Ba3 11. Rc2 Bxa4 12. bxa4 Qxa4 13. Be5 Nbd7 14.
Nf3 O-O 15. O-O Rac8 16. Qe2 Rfd8 17. Nd2 Nxe5 18. dxe5 Nd7 19. f4 g6 20. Bb5 Qa5 21. Nb3 Qxc3 22. Rxc3 Rxc3 23. Bxd7 Rxd7 24. Qa6 Rdc7 25.
Qxa3 d4 26. Qd6 d3 27. Rd1 1-0

[Event "*** Titled Tuesday Blitz"]
[Site "Chess.com"]
[Date "2018.12.04"]
[Round "2"]
[White "afgano29"]
[Black "GhostOfGreenval"]
[Result "0-1"]
[WhiteElo "2624"]
[BlackElo "2845"]
[TimeControl "180+2"]
[EndTime "13:20:28 PST"]
[Termination "GhostOfGreenval won by resignation"]

1. d4 Nf6 2. c4 c5 3. d5 b5 4. cxb5 a6 5. bxa6 d6 6. Nc3 g6 7.
e4 Bg7 8. a7 Rxa7 9. Nf3 O-O 10. Be2 Ba6 11. O-O Bxe2 12. Qxe2 Nbd7 13. a4 Qa8 14.
Ra3 Rb8 15. Qc2 Rb4 16. Re1 Ng4 17. b3 Nge5 18. Nxe5 Nxe5 19. Na2 Rb8 20. Bb2 Nd3 21.
Bxg7 Nxe1 22. Qc3 Nc2 23. Bh6 Nd4 24. Nc1 f6 25. Be3 Nb5 26. Qb2 Nxa3 27. Qxa3 Rab7 28. h4 Qa6 29. Qa2 c4 30. bxc4 Rb4 31. c5 Rxa4 32.
Qd2 dxc5 33. Bxc5 Rxe4 34. d6 Qc4 35. Ba3 exd6 36. h5 Rd4 37. Qe1 Kf7 38. hxg6+ hxg6 39. g3 Re8 0-1

[Event "*** Titled Tuesday Blitz"]
[Site "Chess.com"]
[Date "2018.12.04"]
[Round "2"]
[White "GMKrikor"]
[Black "Gabrielian_Artur"]
[Result "1-0"]
[WhiteElo "2675"]
[BlackElo "2709"]
[TimeControl "180+2"]
[EndTime "13:20:30 PST"]
[Termination "GMKrikor won by resignation"]

1. e4 c5 2. Nf3 d6 3. d4 cxd4 4.
Nxd4 Nf6 5. Nc3 Nc6 6. Bg5 e6 7.
Qd2 a6 8. O-O-O Bd7 9. f3 Nxd4 10. Qxd4 Be7 11. Kb1 b5 12. Be3 O-O 13. g4 Rb8 14. g5 Nh5 15. Qd2 b4 16. Ne2 e5 17.
Ng3 Nf4 18. h4 a5 19. Bxf4 exf4 20. Nf5 Be6 21. Qd4 Bxf5 22. exf5 a4 23. f6 gxf6 24. Bd3 d5 25. Qxf4 Qd7 26. gxf6 1-0

[Event "*** Titled Tuesday Blitz"]
[Site "Chess.com"]
[Date "2018.12.04"]
[Round "2"]
[White "narutosmith"]
[Black "Dare-Dare"]
[Result "1-0"]
[WhiteElo "2225"]
[BlackElo "2121"]
[TimeControl "180+2"]
[EndTime "13:20:31 PST"]
[Termination "narutosmith won by resignation"]

1. e4 e6 2. d4 d5 3. Nd2 Nf6 4. e5 Nfd7 5. Bd3 c5 6. c3 Nc6 7. Ngf3 Be7 8. O-O g5 9. dxc5 Ncxe5 10. Nxe5 Nxe5 11. Bb5+ Bd7 12. Bxd7+ Nxd7 13. b4 a5 14. Nf3 h6 15. Re1 b6 16. c6 Nf6 17. b5 a4 18.
Be3 Ne4 19. Bd4 O-O 20. c4 Bf6 21. cxd5 Qxd5 22. Rxe4 Qxe4 23. Bxf6 Qf5 24. Be7 Rfe8 25. Qd7 Qxb5 26. Rd1 Rac8 27. c7 Qc4 28. Bd8 Rf8 29. Qxc8 Qc2 30. Qd7 1-0

[Event "*** Titled Tuesday Blitz"]
[Site "Chess.com"]
[Date "2018.12.04"]
[Round "2"]
[White "evgenyermolaev"]
[Black "Hydrargyrum_Girl"]
[Result "0-1"]
[WhiteElo "2403"]
[BlackElo "2529"]
[TimeControl "180+2"]
[EndTime "13:20:40 PST"]
[Termination "Hydrargyrum_Girl won by resignation"]

1. e4 d6 2. d4 e5 3. Nf3 exd4 4.
Nxd4 Nf6 5. Nc3 Be7 6. Bf4 O-O 7. Qd2 d5 8. O-O-O Nxe4 9. Nxe4 dxe4 10. Qe1 Bf6 11. Nb5 Bxb2+ 12. Kxb2 Qf6+ 13. Qc3 Qxf4 14. Nxc7 Nc6 15. Nxa8 Bg4 16. f3 exf3 17. g3 Qb8 18. h3 Be6 19. Qxf3 Qxa8 20. Bd3 Ne5 21. Bxh7+ Kxh7 22. Qh5+ Kg8 23. Qxe5 Qc8 24. Qb5 Qc7 25. g4 Rc8 26. Qd3 Qa5 27. a3 b5 28. Qd4 Qc7 29. Rd2 a5 30. Rhd1 b4 31. Qe3 Qc3+ 32. Qxc3 bxc3+ 33. Kc1 cxd2+ 34. Rxd2 Rc3 35. Kb2 Rxh3 36.
g5 Rg3 37. Rd8+ Kh7 0-1

[Event "*** Titled Tuesday Blitz"]
[Site "Chess.com"]
[Date "2018.12.04"]
[Round "2"]
[White "Jenia84"]
[Black "Iyael"]
[Result "1-0"]
[WhiteElo "2223"]
[BlackElo "2122"]
[TimeControl "180+2"]
[EndTime "13:20:44 PST"]
[Termination "Jenia84 won by resignation"]

1. Nf3 Nf6 2. b3 g6 3. Bb2 Bg7 4. e3 d6 5. c4 e5 6. Be2 O-O 7. d4 e4 8. Nfd2 Re8 9. Nc3 h5 10. Qc2 Bf5 11. O-O-O c6 12. h3 d5 13. Rdg1 a6 14. g4 hxg4 15. hxg4 Be6 16. f3 exf3 17. Bxf3 b5 18. cxd5 cxd5 19. e4 dxe4 20. Ncxe4 Nxe4 21. Bxe4 Nd7 22. Bxa8 Qxa8 23. Ne4 Bd5 24. Nd6 Re6 25. Qh2 Bxh1 26. Rxh1 Rxd6 27. Qh7+ Kf8 28. Qh8+ Bxh8 29. Rxh8+ Ke7 30. Rxa8 Nf6 31. Ba3 Ke6 32. Bxd6 Kxd6 33. Rxa6+ Ke7 34. Rxf6 Kxf6 35. a4 bxa4 36. bxa4 Ke6 37. a5 Kd6 38. Kd2 f5 39. gxf5 gxf5 40. Ke3 1-0

[Event "*** Titled Tuesday Blitz"]
[Site "Chess.com"]
[Date "2018.12.04"]
[Round "2"]
[White "VerdeNotte"]
[Black "Markov_Mikhail"]
[Result "1-0"]
[WhiteElo "2839"]
[BlackElo "2597"]
[TimeControl "180+2"]
[EndTime "13:20:47 PST"]
[Termination "VerdeNotte won by resignation"]

1. Nf3 Nf6 2. b3 e6 3. Bb2 d5 4. g3 Be7 5. Bg2 O-O 6. O-O Nbd7 7. c4 c5 8. d4 b6 9. cxd5 exd5 10. Nh4 Bb7 11. Nf5 Re8 12. Nxe7+ Qxe7 13. Nc3 Ne4 14.
dxc5 Nxc3 15. Bxc3 Nxc5 16. Re1 Rad8 17. e3 Ne4 18.
Bb2 Rc8 19. Qd4 Qf6 20. Qxf6 Nxf6 21. Rac1 Ne4 22. Bh3 Rc5 23. Bd4 Rxc1 24. Rxc1 Re7 25. f3 Nd6 26. Kf2 f6 27. Bb2 Ne8 28. Ba3 Rc7 29.
Rxc7 Nxc7 30. Bd6 Ne8 31. Be6+ Kh8 32. Bb8 Bc6 33. Bxa7 b5 34. Bb8 g6 35. Ke2 Kg7 36. Kd3 Kf8 37. Bh3 Ke7 38. Kd4 Ng7 39. Kc5 Be8 40.
Bd6+ Kd8 41. Kxd5 f5 42. Be5 Bf7+ 43. Kc5 Ne6+ 44. Kxb5 Ng5 45. Bf6+ 1-0

[Event "*** Titled Tuesday Blitz"]
[Site "Chess.com"]
[Date "2018.12.04"]
[Round "2"]
[White "goodnigth"]
[Black "vugarrasulov"]
[Result "0-1"]
[WhiteElo "2353"]
[BlackElo "2784"]
[TimeControl "180+2"]
[EndTime "13:20:47 PST"]
[Termination "vugarrasulov won by resignation"]

1. e4 c5 2. Nf3 d6 3. d4 cxd4 4. Nxd4 Nf6 5. Nc3 Nc6 6. Be2 g6 7. O-O Bg7 8. Be3 O-O 9. f4 Qb6 10. Qd3 Ng4 11. Nd5 Bxd4 12. Nxb6 Bxe3+ 13. Kh1 Bxb6 14.
Bxg4 Bxg4 15. f5 Ne5 16. Qg3 Rac8 17. c3 Be2 18. Rf4 Nd3 19. f6 Nxf4 20. fxe7 Rfe8 21. Qxf4 Rxe7 22. Qxd6 Rxe4 23. h3 Rce8 24. Qd7 Ba6 25. Rd1 Re1+ 26. Rxe1 Rxe1+ 27. Kh2 Kg7 28. a4 h5 29. a5 Bg1+ 30. Kg3 Re3+ 31. Kf4 Re2 32. g4 hxg4 33. hxg4 Rxb2 34. g5 Rf2+ 35. Kg3 Rf5 36.
Kh4 Bf2+ 37. Kh3 Rxg5 38. Qe7 Bf1+ 39. Kh2 Rh5+ 0-1

[Event "*** Titled Tuesday Blitz"]
[Site "Chess.com"]
[Date "2018.12.04"]
[Round "2"]
[White "colegiodemadrid"]
[Black "AdrianaNikolova"]
[Result "1-0"]
[WhiteElo "2283"]
[BlackElo "2386"]
[TimeControl "180+2"]
[EndTime "13:20:47 PST"]
[Termination "colegiodemadrid won by checkmate"]

1. e4 c5 2. Nf3 Nc6 3. d4 cxd4 4. Nxd4 d6 5. Nc3 Nf6 6. Bc4 e6 7. Be3 Be7 8. Qe2 O-O 9. O-O-O a6 10. Bb3 Na5 11. g4 Nxb3+ 12. axb3 Qa5 13. Kb1 d5 14. e5 Nd7 15. f4 Bb4 16. Na2 Be7 17.
h4 Qc7 18. h5 b5 19. g5 Rd8 20.
g6 fxg6 21. hxg6 Nf8 22. gxh7+ Kh8 23. Rdg1 Bc5 24. Rg3 Rd7 25. Rhg1 Rf7 26. Nc1 Ra7 27. Nd3 Bb6 28. Qh5 g6 29. Rxg6 Nxg6 30. Qxg6 Rg7 31. Qe8+ Kxh7 32. Rh1# 1-0

[Event "*** Titled Tuesday Blitz"]
[Site "Chess.com"]
[Date "2018.12.04"]
[Round "2"]
[White "aquaticpineapples"]
[Black "lolo9292"]
[Result "1-0"]
[WhiteElo "2038"]
[BlackElo "2109"]
[TimeControl "180+2"]
[EndTime "13:20:51 PST"]
[Termination "aquaticpineapples won by checkmate"]

1. d4 Nf6 2. Nf3 e6 3. Nbd2 d5 4. e3 c5 5. b3 Nc6 6. a3 cxd4 7. exd4 Bd6 8. Bb2 Qc7 9. Bd3 O-O 10. O-O Ng4 11.
h3 Nh2 12. Nxh2 Bxh2+ 13. Kh1 Bf4 14. Nf3 f6 15. c4 dxc4 16. Bxc4 Kh8 17. Re1 e5 18. d5 Nb8 19. d6 Qd8 20. a4 Nc6 21.
Ba3 Bd7 22. Qd5 Qc8 23. b4 Bxh3 24. gxh3 Qxh3+ 25. Kg1 Qg4+ 26. Kf1 Qh3+ 27. Ke2 e4 28. Nd4 Nxd4+ 29. Qxd4 Qf3+ 30. Kf1 Qh1+ 31. Ke2 Qf3+ 32. Kf1 h5 33. Qxe4 Qh3+ 34. Qg2 Qxg2+ 35. Kxg2 Bxd6 36.
Rad1 Be5 37. Rd7 Rfd8 38. Red1 Rxd7 39. Rxd7 Rc8 40. Bf7 h4 41. Rxb7 h3+ 42. Kf1 h2 43. Bd5 Rd8 44. Bf3 Rd1+ 45. Ke2 h1=Q 46. Bxh1 Rxh1 47.
Rxa7 Ra1 48. Ra8+ Kh7 49. b5 Rxa3 50. b6 Bd4 51. b7 Be5 52. a5 f5 53. a6 f4 54. a7 f3+ 55. Kd1 Ra1+ 56. Kc2 Ra2+ 57. Kd3 Rxf2 58. b8=Q Re2 59. Qb7 Rf2 60. Qe4+ g6 61. Re8 Bg7 62. a8=Q Rf1 63. Qh4+ Bh6 64. Rh8+ Kg7 65. Qf8# 1-0

[Event "*** Titled Tuesday Blitz"]
[Site "Chess.com"]
[Date "2018.12.04"]
[Round "2"]
[White "FranciscodelaF"]
[Black "nurmiTV"]
[Result "1-0"]
[WhiteElo "2339"]
[BlackElo "2518"]
[TimeControl "180+2"]
[EndTime "13:20:52 PST"]
[Termination "FranciscodelaF won by resignation"]

1. d4 Nf6 2. c4 e6 3. g3 c5 4. d5 exd5 5. cxd5 d6 6. Nc3 g6 7.
Bg2 Bg7 8. Nf3 O-O 9. O-O Re8 10. Re1 Bf5 11. Nd2 Na6 12. Nc4 Ne4 13. Nxe4 Bxe4 14. f3 Bf5 15. e4 Bc8 16. a4 Nb4 17. Be3 b6 18. Qd2 Ba6 19. Bf1 Qd7 20. Kg2 Rad8 21. Bg5 f6 22. Bh6 f5 23. Bxg7 Kxg7 24. Qc3+ Kg8 25.
b3 fxe4 26. fxe4 Qg4 27. Bd3 Bxc4 28. bxc4 a5 29. Rad1 Re5 30. Bb1 Rf8 31. Qe3 Kg7 32. Rf1 Ree8 33. Qc3+ Kg8 34. Qe3 h5 35. h3 Qd7 36. Qg5 Qg7 37. e5 Rxe5 38. Rxf8+ Kxf8 39. Qd8+ Re8 40. Rf1+ Kg8 41. Qxe8+ Kh7 1-0

[Event "*** Titled Tuesday Blitz"]
[Site "Chess.com"]
[Date "2018.12.04"]
[Round "2"]
[White "x-3738459472"]
[Black "dmosesov"]
[Result "0-1"]
[WhiteElo "2539"]
[BlackElo "2348"]
[TimeControl "180+2"]
[EndTime "13:20:55 PST"]
[Termination "dmosesov won by resignation"]

1. e4 c5 2. Nc3 a6 3. Bc4 e6 4. a4 Nc6 5. Nf3 Nf6 6. O-O d5 7. exd5 exd5 8. Ba2 Bg4 9. h3 Bh5 10. d3 h6 11. g4 Bg6 12. Re1+ Be7 13. Ne5 O-O 14.
Nxg6 fxg6 15. Bf4 Kh7 16. Bg3 Bd6 17. Re6 Bxg3 18. fxg3 Nd4 19. Re3 Qd6 20. Kg2 Rae8 21. Rxe8 Rxe8 22. Qd2 b5 23. axb5 axb5 24. Qf4 Qc6 25.
Rf1 Nxc2 26. g5 hxg5 27. Qxg5 Ne3+ 28. Kg1 Nxf1 29. Nxd5 Nxd5 30. Bxd5 Qf6 31. Qxf6 gxf6 32. Kh1 Nxg3+ 0-1

[Event "*** Titled Tuesday Blitz"]
[Site "Chess.com"]
[Date "2018.12.04"]
[Round "2"]
[White "MateusViageiro"]
[Black "PawnEatingZombie"]
[Result "1/2-1/2"]
[WhiteElo "2203"]
[BlackElo "2223"]
[TimeControl "180+2"]
[EndTime "13:20:57 PST"]
[Termination "Game drawn by agreement"]

1. e3 g6 2. Nf3 Bg7 3. c4 Nf6 4. Nc3 O-O 5. d4 d5 6. Bd3 c5 7.
O-O cxd4 8. exd4 Nc6 9. h3 b6 10. a3 dxc4 11. Bxc4 Na5 12. Ba2 Bb7 13. Ne5 Rc8 14.
Re1 Nd5 15. Bd2 Nxc3 16. Bxc3 Nc6 17. Nxc6 Bxc6 18. d5 Bxc3 19. bxc3 Bb7 20. Rc1 Qd6 21. Qb3 Rfe8 22. c4 Rc7 23. Qb4 Rec8 24. Rcd1 Ba6 25.
Rd4 Qxb4 26. axb4 Bxc4 27. Bxc4 Rxc4 28. Rxc4 Rxc4 29. Rxe7 Rc1+ 30. Kh2 Rd1 31. Rd7 Kf8 32. d6 a5 33. bxa5 bxa5 34. Rd8+ Kg7 35. Kg3 Kf6 36. Ra8 Rxd6 37. Rxa5 h5 1/2-1/2